 Dungeon Crawl Stone Soup version 0.31-a0-369-g8eba5f6939 (webtiles) character file.

Game seed: 8865591851635313948

136908 freelancePsychic the Warrior (level 16, -3/138 HPs)
             Began as a Mummy Wanderer on July 27, 2023.
             Was the Champion of Kikubaaqudgha.
             Killed from afar by a deep elf zephyrmancer (34 damage)
             ... with a bolt of lightning
             ... on level 2 of the Elven Halls on July 28, 2023.
             The game lasted 01:02:40 (39404 turns).

freelancePsychic the Warrior (Mummy Wanderer)      Turns: 39404, Time: 01:02:40

Health: -3/138     AC: 20    Str: 15    XL:     16   Next: 67%
Magic:  4/33       EV: 12    Int: 18    God:    Kikubaaqudgha [******]
Gold:   1718       SH: 10    Dex: 13    Spells: 9/41 levels left

rFire   . . .        h - +8 dagger (venom)
rCold   + . .        B - +0 buckler
rNeg    + + +        y - +3 leather armour {rF+}
rPois   ∞            b - +2 helmet
rElec   .            g - +2 cloak
rCorr   .            v - +2 pair of gloves
SInv    .            i - +2 pair of boots
Will    ++...        j - amulet of reflection
Stlth   ++           p - ring of flight
HPRegen 0.43/turn    o - ring of wizardry
MPRegen 0.23/turn

%: reflection, faith, wizardry (x1)
@: flying, very slightly contaminated
A: cold resistance 1, negative energy resistance 3, torment resistance 2, heat
vulnerability 1, in touch with death 2, no potions, faith
a: Renounce Religion, Unearth Wretches, Torment


You were on level 2 of the Elven Halls.
You worshipped Kikubaaqudgha.
Kikubaaqudgha was exalted by your worship.
You visited 5 branches of the dungeon, and saw 25 of its levels.
You also visited: Sewer, Ice Cave and Volcano.

You collected 2227 gold pieces.
You spent 509 gold pieces at shops.

Inventory:

Hand Weapons
 a - a +0 club
 h - a +8 dagger of venom (weapon)
 x - a +1 hand crossbow of flaming
 I - a +5 demon whip of freezing
Missiles
 k - 2 throwing nets
Armour
 b - a +2 helmet (worn)
 g - a +2 cloak (worn)
 i - a +2 pair of boots (worn)
 m - the +5 ring mail "Ynygaith" {Will+ Str+5 Dex-3}
   (You found it on level 4 of the Dungeon)

   Str:       It affects your strength (+5).
   Dex:       It affects your dexterity (-3).
   Will:      It increases your willpower.
 r - +0 swamp dragon scales
 v - a +2 pair of gloves (worn)
 y - a +3 leather armour of fire resistance (worn)
 B - a +0 buckler (worn)
 H - a +0 crystal plate armour of cold resistance
Jewellery
 j - an amulet of reflection (around neck)
 o - a ring of wizardry (right hand)
 p - a ring of flight (left hand)
 w - a ring of see invisible
 C - a ring of protection from cold
Wands
 e - a wand of paralysis (26)
 n - a wand of mindburst (23)
 t - a wand of flame (26)
 z - a wand of polymorph (12)
 G - a wand of roots (4)
Scrolls
 c - a scroll of fear
 d - 12 scrolls of identify {@r1}
 f - 6 scrolls of teleportation {@r4}
 l - 7 scrolls of noise
 q - 5 scrolls of blinking
 s - 4 scrolls of fog
 u - 4 scrolls of revelation
 A - a scroll of immolation
 D - a scroll of torment
 F - a scroll of enchant armour


   Skills:
 + Level 16.0 Fighting
 - Level 1.0 Throwing
 - Level 6.5 Armour
 - Level 3.6 Dodging
 - Level 2.4 Stealth
 + Level 4.2 Shields
 - Level 13.0 Spellcasting
 + Level 8.9 Summonings
 + Level 15.7 Necromancy
 - Level 6.5 Ice Magic
 - Level 7.1 Earth Magic
 - Level 2.4 Evocations


You had 9 spell levels left.
You knew the following spells:

 Your Spells              Type           Power      Damage    Failure   Level
a - Death Channel         Necr           50%        N/A       1%          6
b - Ozocubu's Armour      Ice            35%        N/A       1%          3
d - Dispel Undead         Necr           100%       3d31      1%          4
e - Borgnjor's Vile Clut  Necr/Erth      43%        N/A       1%          5
f - Freeze                Ice            100%       1d10      1%          1
h - Haunt                 Necr/Summ      45%        N/A       19%         7
i - Simulacrum            Ice/Necr       43%        N/A       6%          6

Your spell library contained the following spells:

 Spells                   Type           Power      Damage    Failure   Level
 Necrotise                Necr           100%       1d9       0%          1
 Kiss of Death            Conj/Necr      100%       2d13      1%          1
 Summon Small Mammal      Summ           100%       N/A       1%          1
 Call Imp                 Summ           86%        N/A       1%          2
 Cigotuvi's Dreadful Rot  Necr/Pois/Air  100%       N/A       1%          2
 Vampiric Draining        Necr           100%       2d13      1%          3
 Summon Ice Beast         Ice/Summ       39%        N/A       1%          4
 Agony                    Necr           100%       N/A       1%          5
 Hailstorm                Conj/Ice       23%        3d7       2%          3
 Apportation              Tloc           22%        N/A       3%          1
 Magic Dart               Conj           44%        1d5       3%          1
 Sting                    Tmut/Pois      44%        1d5       3%          1
 Blink                    Tloc           22%        N/A       6%          2
 Poisonous Vapours        Pois/Air       22%        N/A       6%          2
 Lee's Rapid Deconstruct  Erth           18%        3d11*     6%          5
 Leda's Liquefaction      Hex/Erth       12%        N/A       9%          4
 Petrify                  Tmut/Erth      24%        N/A       9%          4
 Ignite Poison            Fire/Tmut/Pois 11%        N/A       11%         3
 Inner Flame              Hex/Fire       11%        N/A       11%         3
 Mephitic Cloud           Conj/Pois/Air  11%        N/A       11%         3
 Summon Cactus Giant      Summ           21%        N/A       14%         6
 Summon Forest            Summ/Tloc      13%        N/A       16%         5
 Summon Mana Viper        Hex/Summ       27%        N/A       16%         5
 Metabolic Englaciation   Hex/Ice        11%        N/A       26%         5
 Flame Wave               Conj/Fire      11%        2d6       32%         4
 Manifold Assault         Tloc           11%        N/A       32%         4
 Olgreb's Toxic Radiance  Pois           11%        N/A       32%         4
 Passage of Golubria      Tloc           11%        N/A       32%         4
 Sticky Flame             Conj/Fire      11%        2d3       32%         4
 Infestation              Necr           50%        N/A       34%         8
 Freezing Cloud           Conj/Ice/Air   9%         6-21      38%         5
 Summon Hydra             Summ           21%        N/A       58%         7
 Alistair's Intoxication  Tmut/Pois      7%         N/A       65%         5
 Irradiate                Conj/Tmut      5%         3d13      65%         5
 Silence                  Hex/Air        5%         N/A       65%         5
 Leda's Unmaking          Conj/Erth      12%        9d3       75%         6
 Ozocubu's Refrigeration  Ice            17%        4d11      88%         7
 Lehudib's Crystal Spear  Conj/Erth      12%        10d4      100%        8
 Polar Vortex             Ice            17%        12d2*     100%        9
 Sublimation of Blood     Necr           Unusable   N/A       N/A         2
 Wereblood                Tmut           Unusable   N/A       N/A         2

Dungeon Overview and Level Annotations

Branches:
Dungeon (15/15)            Temple (1/1) D:5            Lair (5/5) D:10
  Swamp (0/4) Lair:3       Spider (0/4) Lair:2        Slime (0/5) Lair:4
    Orc (2/2) D:11            Elf (2/3) Orc:2        Vaults (0/5) D:14
 Depths (0/4) D:15          Sewer (visited)           IceCv (visited)
Volcano (visited)

Altars:
Ashenzari
Cheibriados
Dithmenos
Fedhas
Gozag
Hepliaklqana
Kikubaaqudgha
Makhleb
Nemelex Xobeh
Okawaru
Qazlal
Ru
Sif Muna
Trog
Uskayaw
Vehumet
Wu Jian
Xom
Yredelemnul

Shops:
D:5 [   D:9 :   Orc:2 ([:*   Elf:1 *   Elf:2 *

Annotations:
D:13 1 runed translucent door, exclusion: orange crystal statue
Lair:5 exclusion: oklob plant


Innate Abilities, Weirdness & Mutations

You are immune to poison.
Your flesh is cold resistant. (rC+)
You are immune to negative energy. (rN+++)
You are immune to unholy pain and torment.
You are vulnerable to heat. (rF-)
You are strongly in touch with the powers of death.
You do not drink.
You have a special connection with the divine. (Faith)


Message History

Press: ? - help, Shift-Dir - straight line, f/p - troll
Aim: a troll (heavily wounded, lightly drained, chance to affect: 76%)
The troll barely resists.
Your unholy channel is weakening.
The troll bites you but does no damage. The troll closely misses you.
The troll barely misses you.
Aiming: Mindburst
Press: ? - help, Shift-Dir - straight line, f/p - troll
Aim: a troll (heavily wounded, lightly drained, chance to affect: 76%)
The troll barely resists.
The troll bites you but does no damage. The troll claws you.
* * * LOW HITPOINT WARNING * * *
You block the troll's attack.
Aiming: Mindburst
Press: ? - help, Shift-Dir - straight line, f/p - troll
Aim: a troll (heavily wounded, lightly drained, chance to affect: 76%)
The troll's mind is blasted!!
You blow up the troll!
Kikubaaqudgha accepts your kill.
A glowing mist starts to gather...
The orc hits your spectral troll but does no damage.
The orc hits your spectral troll but does no damage.
Your spectral troll misses the orc.
Your spectral troll claws the orc!
The orc dies!
Kikubaaqudgha accepts your kill.
A glowing mist starts to gather...
The deep elf zephyrmancer mumbles some strange words.
The deep elf zephyrmancer blinks!
Your spectral troll completely misses the orc.
Your spectral troll barely misses the orc. x2
Your unholy channel expires.
Your spectral troll fades into mist!
Your spectral orc fades into mist!
You hit the orc.
The orc is poisoned.
The orc is heavily wounded.
You kill the orc!
Kikubaaqudgha accepts your kill.
The deep elf zephyrmancer gestures at you while chanting.
The bolt of lightning hits you!!
You die...
Kikubaaqudgha rasps: "You have failed me!
Welcome... oblivion!"

.!. ##.# #. #.#
#.# #.# #.# #
#o#.# ## #)#
.####)#.##
#.##e###.#########
##?..))e.)e..)))@#
..)###############
####


You could see a deep elf zephyrmancer.

Vanquished Creatures
  An Ice Fiend (IceCv)
  An orc warlord (Orc:1)
  A very ugly thing (IceCv)
  A stone giant (D:15)
  A vampire knight (Elf:1)
  A red draconian (Volcano)
  7 nameless horrors
  A minotaur (Lair:1)
  2 deep elf death magi (Elf:1)
  A spectral elf (Elf:1)
  Josephine (D:10)
  A jiangshi (Elf:1)
  5 hydras
  An ogre mage (D:14)
  4 centaur warriors
  8 two-headed ogres
  The ghost of Gelion the Mimic, a journeyman OpSh of Trog (Lair:1)
  3 boulder beetles
  2 orc high priests
  6 tengu warriors
  3 death yaks
  5 dancing weapons
  2 vampire magi (Elf:1)
  A pharaoh ant (Lair:2)
  2 shadow wraiths (Elf:1)
  A skyshark (Lair:5)
  A skeletal warrior (Elf:1)
  A goliath frog (Lair:5)
  4 elf simulacra (Elf:1)
  7 deep elf archers
  7 spriggan simulacra
  2 lindwurms
  2 orc knights
  An obsidian statue (IceCv)
  A phantasmal warrior (Elf:1)
  5 deep elf pyromancers
  2 manticores
  3 ugly things (D:12)
  10 deep elf zephyrmancers (Elf:1)
  3 orc sorcerers (Orc:2)
  2 cyclopes (D:14)
  4 black mambas
  14 cane toads
  3 gargoyles
  A torpor snail (Lair:5)
  Maggie (D:9)
  3 rime drakes
  3 unseen horrors
  A freezing wraith (IceCv)
  6 komodo dragons
  4 yaktaurs (D:15)
  2 tengu conjurers
  A rime drake (shapeshifter) (D:11)
  3 anaconda simulacra
  10 ice devils (IceCv)
  A golden dragon simulacrum (IceCv)
  A troll (shapeshifter) (D:15)
  A burning bush (Lair:5)
  A hornet (D:9)
  3 tyrant leeches
  6 trolls
  4 polar bears
  6 dream sheep
  6 blink frogs
  2 jumping spiders (Lair:2)
  2 flying skulls (Elf:1)
  8 slime creatures
  7 wraiths
  2 shadows (D:11)
  2 dire elephant simulacra (IceCv)
  An air elemental (Elf:1)
  A vampire (D:8)
  34 yaks
  2 basilisks
  4 fire bats (Volcano)
  A steam dragon (D:7)
  9 vampire mosquitoes
  10 minotaur simulacra
  A harpy simulacrum (IceCv)
  A warg (shapeshifter) (D:14)
  A hydra simulacrum (IceCv)
  12 water moccasins
  An acid dragon (D:12)
  14 orc warriors
  4 alligator simulacra (IceCv)
  2 ice beasts
  4 ogres
  An ettin simulacrum (IceCv)
  10 centaurs
  2 kobold brigands
  9 bullfrogs
  2 gnoll sergeants (D:10)
  12 deep troll simulacra
  5 scorpions
  2 earth elementals (Elf:1)
  5 wights (D:8)
  9 howler monkeys
  2 electric eels (D:8)
  5 lava snakes
  2 jellies (D:6)
  4 hounds
  13 orc priests
  2 gnoll boudas
  2 sleepcaps
  2 hell rats (Lair:1)
  4 iguanas
  15 orc wizards
  A boggart simulacrum (D:15)
  18 adders
  23 gnolls
  4 river rats (Sewer)
  2 shadow imps
  2 white imps
  5 dart slugs
  49 orcs
  17 ball pythons
  2 bat zombies (D:3)
  10 endoplasms
  5 giant cockroaches
  8 goblins
  7 hobgoblins
  8 quokkas
  2 bats (D:2)
  6 frilled lizards
  29 kobolds
  19 rats
  2 rat zombies (D:3)
  A spectral orc (D:3)
652 creatures vanquished.

Vanquished Creatures (collateral kills)
  Rupert (Orc:2)
  Donald (Orc:2)
  A quicksilver ooze (Lair:4)
  Nessos (D:14)
  A deep elf demonologist (Elf:1)
  A nameless horror (Orc:2)
  3 hydras
  2 ogre magi
  A centaur warrior (D:13)
  8 two-headed ogres
  3 death yaks (Lair:4)
  An orc high priest (Elf:2)
  Urug (Orc:2)
  4 deep elf knights
  3 skysharks (Lair:5)
  3 deep elf archers (Elf:1)
  An orc knight (Orc:2)
  3 deep elf pyromancers
  3 deep elf zephyrmancers
  An orc sorcerer (Orc:2)
  A cyclops (Orc:2)
  A manticore (D:12)
  2 black mambas
  7 cane toads (Lair:5)
  An efreet (D:13)
  A komodo dragon (Lair:4)
  A troll (D:13)
  4 polar bears (Lair:3)
  16 blink frogs
  A tyrant leech (Lair:3)
  7 dream sheep
  5 slime creatures
  An air elemental (Elf:1)
  2 wyverns
  10 yaks
  A fire elemental (Elf:1)
  2 fire bats (Volcano)
  2 basilisks
  7 vampire mosquitoes
  2 water moccasins (Lair:5)
  3 wargs (Orc:2)
  7 orc warriors (Orc:2)
  2 ogres (Orc:2)
  2 centaurs
  Blork the orc (Orc:2)
  9 bullfrogs
  A lava snake (Volcano)
  3 jellies (Lair:4)
  2 orc priests
  4 orc wizards
  5 hell rats (Lair:1)
  12 orcs
168 creatures vanquished.

Vanquished Creatures (others)
  A hydra (Lair:4)
  A deep elf knight (Elf:2)
  3 lindwurms (Volcano)
  A deep elf pyromancer (Elf:2)
  An orc sorcerer (Orc:1)
  7 salamanders (Volcano)
  A rime drake (Lair:4)
  A troll (Orc:2)
  A yak (Lair:3)
  A warg (Orc:1)
  4 orc warriors
  A centaur (D:12)
  3 ogres
  A scorpion (D:5)
  A bullfrog (Lair:4)
  2 hounds (D:5)
  An orc priest (Orc:1)
  2 iguanas (D:5)
  An adder (D:5)
  A white imp (D:5)
  2 orcs
  A jackal (D:5)
38 creatures vanquished.

Grand Total: 858 creatures vanquished

Notes
Turn   | Place    | Note
-------+----------+-------------------------------------------
     0 | D:1      | freelancePsychic the Mummy Wanderer began the quest for the
                  | Orb.
     0 | D:1      | freelancePsychic set off with the following items: a +0
                  | club, a +0 helmet, a scroll of fear, a +0 leather armour, a
                  | wand of paralysis (8); and the following spell memorised:
                  | Freeze; and the following spells available to memorise:
                  | Ozocubu's Armour.
     0 | D:1      | Reached XP level 1. HP: 13/13 MP: 4/4
   272 | D:1      | Reached XP level 2. HP: 19/20 MP: 5/5
   313 | D:1      | Reached skill level 1 in Fighting
   692 | D:1      | Gained mutation: You are in touch with the powers of death.
                  | [Mummy growth]
   692 | D:1      | Reached XP level 3. HP: 26/26 MP: 7/7
   961 | D:2      | Found a snail-covered altar of Cheibriados.
  1560 | D:2      | Reached XP level 4. HP: 33/33 MP: 8/8
  1736 | D:3      | Found a bloodstained altar of Trog.
  1740 | D:3      | Reached skill level 2 in Fighting
  2092 | D:3      | Found a basalt altar of Yredelemnul.
  2349 | D:3      | Found an ancient bone altar of Kikubaaqudgha.
  2357 | D:3      | Became a worshipper of Kikubaaqudgha
  2826 | D:4      | Reached XP level 5. HP: 32/39 MP: 4/9
  3009 | D:4      | Identified the +5 ring mail "Ynygaith" {Will+ Str+5 Dex-3}
  3431 | D:5      | Entered Level 5 of the Dungeon
  3439 | D:5      | Noticed an ogre
  3439 | D:5      | Found a shimmering altar of Xom.
  3440 | D:5      | Noticed an ice beast
  3444 | D:5      | Killed an ogre
  3458 | D:5      | Reached skill level 1 in Necromancy
  3482 | D:5      | Reached * piety under Kikubaaqudgha
  3482 | D:5      | Received a gift from Kikubaaqudgha
  3496 | D:5      | Reached skill level 3 in Fighting
  3496 | D:5      | Reached XP level 6. HP: 47/47 MP: 5/10
  3531 | D:5      | Killed an ice beast
  3713 | D:5      | Learned a level 3 spell: Vampiric Draining
  3717 | D:5      | Learned a level 3 spell: Ozocubu's Armour
  3961 | D:5      | Reached XP level 7. HP: 52/53 MP: 11/11
  4087 | D:5      | Found Xekit's Armour Boutique.
  4132 | D:5      | Found a staircase to the Ecumenical Temple.
  4221 | D:5      | Reached skill level 5 in Ice Magic
  4232 | D:5      | Reached skill level 4 in Fighting
  4252 | Temple   | Entered the Ecumenical Temple
  4425 | Temple   | Reached ** piety under Kikubaaqudgha
  5054 | D:6      | Reached XP level 8. HP: 55/61 MP: 12/12
  5304 | D:6      | Reached skill level 5 in Fighting
  5506 | D:6      | Found a glowing drain.
  5515 | Sewer    | Entered a sewer
  5685 | Sewer    | Reached *** piety under Kikubaaqudgha
  5685 | Sewer    | Received a gift from Kikubaaqudgha
  5943 | Sewer    | Reached **** piety under Kikubaaqudgha
  6281 | D:6      | Reached skill level 1 in Earth Magic
  6671 | D:7      | Reached skill level 5 in Necromancy
  6734 | D:7      | Reached skill level 6 in Fighting
  7067 | D:7      | Reached XP level 9. HP: 61/70 MP: 15/15
  7633 | D:7      | Found a burning altar of Makhleb.
  7634 | D:7      | Found a broken altar of Ashenzari.
  7970 | D:7      | Learned a level 4 spell: Dispel Undead
  7976 | D:7      | Learned a level 5 spell: Borgnjor's Vile Clutch
  8553 | D:8      | Reached skill level 7 in Fighting
  8672 | D:8      | Reached ***** piety under Kikubaaqudgha
  9030 | D:9      | Found Sumism's Book Emporium.
  9283 | D:9      | Noticed a troll
  9287 | D:9      | Killed a troll
  9334 | D:9      | Noticed a troll
  9350 | D:9      | Killed a troll
  9714 | D:9      | Noticed Maggie
  9722 | D:9      | Killed Maggie
  9723 | D:9      | Reached skill level 8 in Fighting
  9723 | D:9      | Reached XP level 10. HP: 80/80 MP: 9/16
  9962 | D:10     | Entered Level 10 of the Dungeon
 10209 | D:10     | Found a sparkling altar of Nemelex Xobeh.
 10234 | D:10     | Identified the +11 glaive "Qucw" {antimagic, SInv}
 10258 | D:10     | Found a snail-covered altar of Cheibriados.
 10473 | D:10     | Noticed Josephine
 10480 | D:10     | Reached skill level 5 in Earth Magic
 10541 | D:10     | Found a hazy altar of Hepliaklqana.
 10773 | D:10     | Found a staircase to the Lair.
 11230 | D:11     | Found a staircase to the Orcish Mines.
 11405 | D:11     | Reached skill level 9 in Fighting
 12224 | D:11     | Noticed a seven-headed hydra
 12236 | D:11     | Killed a seven-headed hydra
 12237 | D:11     | Reached skill level 5 in Spellcasting
 12237 | D:11     | Reached XP level 11. HP: 43/89 MP: 3/18
 12801 | Lair:1   | Entered Level 1 of the Lair of Beasts
 13430 | D:10     | Killed Josephine
 13431 | D:10     | Reached skill level 10 in Fighting
 13988 | Lair:1   | Noticed a minotaur
 13988 | Lair:1   | Noticed Gelion's ghost (journeyman OpSh)
 13988 | Lair:1   | Noticed a death yak
 14160 | Lair:1   | Found a runed translucent gate.
 14160 | Lair:1   | Found a runed translucent gate.
 14160 | Lair:1   | Found a runed translucent gate.
 14184 | Lair:1   | Learned a level 6 spell: Death Channel
 14357 | Lair:1   | Reached skill level 10 in Necromancy
 14357 | Lair:1   | Reached ****** piety under Kikubaaqudgha
 14505 | Lair:1   | Identified the +0 cloak of Uskayaw's Indignation {rPois
                  | rC+}
 15315 | Lair:1   | Killed Gelion's ghost
 15339 | Lair:1   | Killed a minotaur
 15340 | Lair:1   | Reached skill level 11 in Fighting
 15340 | Lair:1   | Reached XP level 12. HP: 6/100 MP: 8/24
 15644 | Lair:1   | Identified the +2 robe of Miracles {rPois}
 15728 | Lair:2   | Noticed a boulder beetle
 15743 | Lair:2   | Killed a boulder beetle
 15976 | Lair:2   | Found a hole to the Spider Nest.
 16089 | Lair:1   | Killed a death yak
 16829 | Lair:2   | Noticed a six-headed hydra
 16838 | Lair:2   | Killed a six-headed hydra
 17101 | Lair:2   | Learned a level 6 spell: Simulacrum
 17139 | Lair:3   | Reached skill level 10 in Spellcasting
 17187 | Lair:3   | Reached skill level 12 in Fighting
 18748 | Lair:3   | Received a gift from Kikubaaqudgha
 18757 | Lair:3   | Gained mutation: You are strongly in touch with the powers
                  | of death. [Mummy growth]
 18757 | Lair:3   | Reached XP level 13. HP: 100/109 MP: 22/27
 19147 | Lair:3   | Found a staircase to the Swamp.
 19596 | Lair:4   | Found a dark tunnel.
 19609 | Lair:4   | Reached skill level 1 in Dodging
 19609 | Lair:4   | Reached skill level 1 in Summonings
 19650 | Volcano  | Entered a volcano
 20081 | Volcano  | Noticed a red draconian
 20103 | Volcano  | Killed a red draconian
 20302 | Volcano  | Found a burning altar of Makhleb.
 20326 | Volcano  | Found a burning altar of Makhleb.
 20667 | Lair:4   | Reached skill level 13 in Fighting
 20914 | Lair:4   | Noticed a quicksilver ooze
 20921 | Lair:4   | Killed a quicksilver ooze
 21490 | Lair:4   | Found a staircase to the Slime Pits.
 21800 | Lair:5   | Entered Level 5 of the Lair of Beasts
 22152 | Lair:5   | Reached skill level 1 in Armour
 22297 | Lair:5   | Reached XP level 14. HP: 70/118 MP: 16/28
 22353 | Lair:5   | Identified the +10 dagger of Blood-Lust {heavy, rPois
                  | Str+3}
 22782 | Lair:5   | Reached skill level 5 in Summonings
 23959 | Lair:5   | Reached skill level 14 in Fighting
 24614 | Orc:1    | Entered Level 1 of the Orcish Mines
 24865 | Orc:2    | Entered Level 2 of the Orcish Mines
 24875 | Orc:2    | Noticed Urug
 25632 | D:12     | Found a stormy altar of Qazlal.
 26885 | D:13     | You are sucked into a shaft and drop 2 floors!
 26885 | D:15     | Entered Level 15 of the Dungeon
 27031 | D:15     | Noticed a stone giant
 27038 | D:15     | Killed a stone giant
 27174 | D:15     | Found a staircase to the Depths.
 28569 | D:15     | Reached XP level 15. HP: 90/127 MP: 25/30
 28930 | D:15     | Learned a level 7 spell: Haunt
 29497 | D:13     | Reached skill level 5 in Armour
 29861 | D:13     | Found a runed translucent door.
 31016 | D:14     | Identified the +1 robe of Toothy Creativity {rPois rC+}
 31016 | D:14     | Noticed Nessos
 31021 | D:14     | Killed Nessos
 31184 | D:14     | Found a gate to the Vaults.
 31544 | D:12     | Upgraded the game from 0.31-a0-365-gcf821cafb2 to
                  | 0.31-a0-369-g8eba5f6939
 31615 | Orc:2    | Killed Urug
 32300 | Orc:2    | Noticed Blork the orc
 32309 | Orc:2    | Killed Blork the orc
 32519 | Orc:2    | Found Wadogop's Antique Weapon Shop.
 32571 | Orc:2    | Found Wagugy Futz's Antique Armour Shop.
 32630 | Orc:2    | Noticed Donald
 32635 | Orc:2    | Killed Donald
 32638 | Orc:2    | Noticed Rupert
 32644 | Orc:2    | Killed Rupert
 32645 | Orc:2    | Reached skill level 15 in Fighting
 32661 | Orc:2    | Found a staircase to the Elven Halls.
 33227 | Orc:2    | Found Wurorgh's Book Shop.
 33242 | Orc:2    | Found Goelueh's General Store.
 33249 | Orc:2    | Bought a scroll of immolation for 56 gold pieces
 33575 | Elf:1    | Entered Level 1 of the Elven Halls
 33925 | Elf:1    | Found a radiant altar of Vehumet.
 34245 | Elf:1    | Paralysed by an air elemental for 1 turns
 34250 | Elf:1    | Paralysed by an air elemental for 1 turns
 34253 | Elf:1    | Paralysed by an air elemental for 1 turns
 34256 | Elf:1    | Paralysed by an air elemental for 1 turns
 34875 | Orc:2    | Bought a shiny orb for 348 gold pieces
 35264 | Elf:1    | Reached skill level 15 in Necromancy
 35308 | Elf:1    | Reached XP level 16. HP: 72/136 MP: 9/33
 35455 | Elf:1    | Reached skill level 1 in Shields
 36285 | Elf:1    | Found Fumagoaq's General Store.
 36289 | Elf:1    | Bought a scroll of teleportation for 45 gold pieces
 36289 | Elf:1    | Bought a scroll of immolation for 60 gold pieces
 37309 | Elf:2    | Paralysed by an air elemental for 1 turns
 37312 | Elf:2    | Paralysed by an air elemental for 1 turns
 37317 | Elf:1    | Paralysed by an air elemental for 1 turns
 37320 | Elf:1    | Paralysed by an air elemental for 1 turns
 37324 | Elf:1    | Paralysed by an air elemental for 1 turns
 37495 | Elf:1    | Paralysed by an air elemental for 1 turns
 37498 | Elf:1    | Paralysed by an air elemental for 1 turns
 37575 | Elf:2    | Found a frozen archway.
 37671 | IceCv    | Entered an ice cave
 38959 | IceCv    | Noticed an Ice Fiend
 38981 | IceCv    | Killed an Ice Fiend
 39072 | IceCv    | Identified the +4 spear of Ziuront {drain, rElec Int+3}
 39253 | Elf:2    | Found Ikhlacsio's General Store.
 39328 | Elf:2    | Reached skill level 16 in Fighting
 39404 | Elf:2    | Killed from afar by a deep elf zephyrmancer

Illustrated notes

Levels and vault maps discovered:
D:1:      dpeg_arrival_long_road, layout_basic
D:2:      wander_river, layout_basic, basic_altar, small_statue_intersection,
          kennysheep_crisscross
D:3:      layout_basic, trog_three_pillars_becter,
          lemuel_zombie_altar_kikubaaqudgha,
          yredelemnul_forgotten_temple_becter, lemuel_coloured_pillars_altar
D:4:      layout_cave_pools
D:5:      layout_loops_ring, xom_confusion_cloud,
          minmay_temple_entry_butterflies, chequers_jeans,
          kennysheep_windowed_goal
D:6:      layout_gridville, portal_sewer_entry_f
D:7:      layout_loops_ring, gammafunk_temple_overflow_pools
D:8:      layout_basic, nicolae_lava_and_water
D:9:      layout_irregular_city, serial_shops, nicolae_shop_tiny_glass,
          uniq_maggie
D:10:     layout_loops_corners, old_standard_altar,
          mainiacjoe_overflow_large_starburst, kennysheep_slug_shrine,
          lair_entry_dummy, uniq_josephine
D:11:     minmay_inside_and_out, layout_loops_ring, minmay_splitting_lines
D:12:     layout_long_grid, nicolae_qazlal_style_of_elements
D:13:     layout_long_grid, minmay_crystal_box
D:14:     layout_basic, david_vaults_2, serial_glass, glass_columns_a,
          glass_columns_a, minmay_strange_pillars, item_on_display_a, drop_trap,
          minmay_variable_closet, uniq_nessos
D:15:     grunt_enter_depths_snipers, layout_basic, good_gods_temple_1
Temple:   nicolae_temple_ecumenical_triangle
Lair:1:   layout_cellular_growth, maelrawn_ghost_gauntlet_escape,
          lemuel_fruit_fields
Lair:2:   cheibrodos_lair_river_kwai, layout_cave_shapes,
          nicolae_spider_entry_lesser_pyramids, lemuel_fruit_tree,
          infiniplex_staircase_pool_2
Lair:3:   layout_layer_cave, minmay_swamp_entry_worms, cheibrodos_lair_lostbears
Lair:4:   layout_roguey, dpeg_slime_entry_corner,
          nicolae_volcano_entry_vermiform, nicolae_lair_time_for_slime
Lair:5:   minmay_lair_end_frog_pond, layout_gridlike, evilmike_ambush
          [evilmike_ambush_outer_basic, evilmike_ambush_inner_basic]
Orc:1:    layout_caves
Orc:2:    grunt_orc_cross, layout_caves, uniq_urug, uniq_rupert, uniq_donald
Elf:1:    eino_elf_arrival_altar, layout_geoelf_octagon, serial_shops,
          nicolae_shop_back_alley_shop, nicolae_elf_deep_mausoleum,
          lemuel_upstairs_altar
Elf:2:    elven_hall_of_blades_hangedman_original [mumra_blade_entry_bloodbath],
          layout_rooms, serial_shops, shop_statue,
          portal_ice_cave_entry_ice_simulacra

Skill      XL: |  1  2  3  4  5  6  7  8  9 10 11 12 13 14 15 16 |
---------------+-------------------------------------------------+-----
Fighting       | 1 2 3 4 6 8 9 11 12 13 14 15 16 | 16.0
Ice Magic      | 2 3 4 5 6 |  6.5
Necromancy     | 1 2 3 5 7 9 10 11 13 14 15 | 15.7
Spellcasting   | 3 4 5 8 10 11 13 | 13.0
Earth Magic    | 2 4 6 7 |  7.1
Dodging        | 3 |  3.6
Summonings     | 4 6 7 8 |  8.9
Armour         | 1 4 6 |  6.5
Shields        | 4 |  4.2
Throwing       | |  1.0
Stealth        | |  2.4
Evocations     | |  2.4

Action                     |  1- 3 |  4- 6 |  7- 9 | 10-12 | 13-15 | 16-18 || total
---------------------------+-------+-------+-------+-------+-------+-------++-------
  Melee: Club              |    16 |       |       |       |       |       ||    16
         Dagger            |    72 |   195 |   568 |   428 |   547 |    49 ||  1859
         Punch             |     1 |     2 |    10 |     9 |    10 |       ||    32
   Cast: Freeze            |    21 |    33 |    72 |       |       |       ||   126
         Ozocubu's Armour  |       |       |     1 |     1 |     1 |       ||     3
         Vampiric Draining |       |       |    33 |    38 |    20 |       ||    91
         Dispel Undead     |       |       |     8 |    20 |    10 |    54 ||    92
         Borgnjor's Vile C |       |       |       |    85 |   181 |    49 ||   315
         Death Channel     |       |       |       |     9 |    25 |     4 ||    38
         Simulacrum        |       |       |       |     7 |    40 |     1 ||    48
         Haunt             |       |       |       |       |    15 |     8 ||    23
 Invoke: Unearth Wretches  |       |       |       |     1 |    10 |       ||    11
         Receive Forbidden |       |       |       |     1 |       |       ||     1
  Evoke: Wand              |       |       |     6 |     1 |    18 |     7 ||    32
    Use: Scroll            |     4 |     5 |     7 |     8 |     8 |     6 ||    38
   Stab: Sleeping          |     5 |     6 |       |       |       |       ||    11
         Paralysed         |       |       |       |     1 |     1 |       ||     2
         Distracted        |       |       |       |     1 |     2 |       ||     3
 Armour: Leather armour    |    33 |    17 |       |       |    32 |    71 ||   153
         Ring mail         |       |    69 |   437 |   293 |   440 |       ||  1239
  Dodge: Dodged            |    52 |    92 |   347 |   239 |   381 |    49 ||  1160
  Block: Other             |    16 |    51 |   237 |   153 |   147 |       ||   604
         Reflection        |       |     2 |     7 |       |    21 |     8 ||    38
         Buckler           |       |       |       |       |     4 |    64 ||    68

Table legend: (Time is in decaauts)
 A = Elapsed time spent in this place.
 B = Non-inter-level travel time spent in this place.
 C = Inter-level travel time spent in this place.
 D = Time resting spent in this place.
 E = Time spent auto-exploring this place.
 F = Levels seen in this place.
 G = Mean time per level.
                   A        B        C        D        E       F      G
               +--------+--------+--------+--------+--------+-----+--------+
         Total |  39477 |  38115 |   1362 |   3942 |  27428 |  28 | 1409.9 |
       Dungeon |  19676 |  18888 |    788 |   1658 |  13963 |  15 | 1311.7 |
        Temple |    375 |    375 |      0 |    199 |    148 |   1 |  375.0 |
          Lair |   9756 |   9335 |    421 |    290 |   7557 |   5 | 1951.2 |
  Orcish Mines |   3216 |   3109 |    107 |   1183 |   1476 |   2 | 1608.0 |
   Elven Halls |   3490 |   3445 |     45 |    612 |   2009 |   2 | 1745.0 |
         Sewer |    728 |    728 |      0 |      0 |    499 |   1 |  728.0 |
      Ice Cave |   1471 |   1471 |      0 |      0 |   1191 |   1 | 1471.0 |
       Volcano |    762 |    762 |      0 |      0 |    584 |   1 |  762.0 |
               +--------+--------+--------+--------+--------+-----+--------+

Top non-repeatable levels by time:
   Elf:1: 3111 daAuts
  Lair:5: 2355 daAuts
    D:11: 2354 daAuts
   Orc:2: 2326 daAuts
    D:10: 2302 daAuts
    D:15: 2289 daAuts
  Lair:3: 2064 daAuts
  Lair:1: 1960 daAuts
  Lair:4: 1857 daAuts
  Lair:2: 1518 daAuts
   IceCv: 1471 daAuts
    D:13: 1367 daAuts
    D:12: 1322 daAuts
     D:7: 1226 daAuts
     D:5: 1135 daAuts
